 Dungeon Crawl Stone Soup version 0.26-a0-572-g753d7e3450 (webtiles) character file.

Game seed: 8683337479389622939

5926 Gargoyl the Fighter (level 10, 0/82 HPs)
             Began as a Gnoll Abyssal Knight on Aug 21, 2020.
             Was an Elder of Lugonu.
             Slain by a yak (3 damage)
             ... on level 8 of the Dungeon.
             The game lasted 00:13:56 (9534 turns).

Gargoyl the Fighter (Gnoll Abyssal Knight)          Turns: 9534, Time: 00:13:56

Health: 0/82       AC: 19    Str: 18    XL:     10   Next: 83%
Magic:  20/20      EV:  8    Int: 14    God:    Lugonu [****..]
Gold:   580        SH:  0    Dex: 15    Spells: 20/20 levels left

rFire    . . .     SeeInvis .   c - +6 hand axe
rCold    . . .     Faith    .   (no shield)
rNeg     . . .     Spirit   .   d - +0 plate armour
rPois    +         Reflect  .   s - +2 helmet
rElec    .         Harm     .   e - +1 cloak (curse)
rCorr    +         Clarity  +   (no gloves)
MR       +....                  (no boots)
Stlth    ..........             j - amulet of the acrobat
HPRegen  0.23/turn              r - ring of resist corrosion
MPRegen  0.17/turn              (no ring)

@: no status effects
A: distributed training, fangs 1, clarity, high mp 1, magic resistance 1, poison
resistance, strong nose
a: Depart the Abyss, Bend Space, Banish, Corrupt, Renounce Religion


You were on level 8 of the Dungeon.
You worshipped Lugonu.
Lugonu was greatly pleased with you.
You visited 1 branch of the dungeon, and saw 9 of its levels.
You visited the Abyss 1 time.

You collected 724 gold pieces.
You spent 144 gold pieces at shops.

Inventory:

Hand Weapons
 a - a +1 hand axe
 c - a +6 hand axe (weapon)
Armour
 d - a +0 plate armour (worn)
 e - a cursed +1 cloak (worn)
 s - a +2 helmet (worn)
 w - a scarf of repulsion
Jewellery
 j - an amulet of the acrobat (around neck)
 r - a ring of resist corrosion (left hand)
Wands
 q - a wand of flame (35)
 x - a wand of digging (5)
 z - a wand of random effects (3)
Scrolls
 g - 5 scrolls of teleportation
 t - a scroll of blinking
 u - a scroll of identify
 y - 2 scrolls of remove curse
Potions
 b - 2 potions of curing
 f - a potion of stabbing
 h - a potion of mutation
 i - a potion of invisibility
 k - a potion of flight
 l - a potion of haste {unknown}
 m - 2 potions of cancellation {unknown}
 n - a potion of brilliance {unknown}
 o - 3 potions of heal wounds {unknown}
 p - a potion of might {unknown}
 v - a potion of lignification {unknown}


   Skills:
 + Level 8.7 Fighting
 + Level 5.6 Short Blades
 + Level 5.6 Long Blades
 + Level 7.3 Axes
 + Level 5.6 Maces & Flails
 + Level 5.6 Polearms
 + Level 5.6 Staves
 + Level 5.6 Slings
 + Level 5.6 Bows
 + Level 5.6 Crossbows
 + Level 5.6 Throwing
 + Level 7.3 Armour
 + Level 6.2 Dodging
 + Level 5.6 Stealth
 + Level 5.6 Shields
 + Level 5.6 Unarmed Combat
 + Level 5.6 Spellcasting
 + Level 4.6 Conjurations
 + Level 4.6 Hexes
 + Level 4.6 Summonings
 + Level 4.6 Necromancy
 + Level 4.6 Translocations
 + Level 4.6 Transmutations
 + Level 4.6 Fire Magic
 + Level 4.6 Ice Magic
 + Level 4.6 Air Magic
 + Level 4.6 Earth Magic
 + Level 4.6 Poison Magic
 + Level 7.8 Invocations
 + Level 5.6 Evocations


You had 20 spell levels left.
You didn't know any spells.
Your spell library was empty.

Dungeon Overview and Level Annotations

Branches:
Dungeon (9/15)             Temple (0/1) D:4            Lair (0/6) D:8
    Orc: D:9-12

Altars:
Cheibriados
Dithmenos
Elyvilon
Gozag
Hepliaklqana
Nemelex Xobeh
Ru
Vehumet

Shops:
D:7 [

Annotations:
D:3 Grinder
D:9 Prince Ribbit


Innate Abilities, Weirdness & Mutations

Your experience applies equally to all skills.
You have very sharp teeth.
Your uncanny sense of smell can sniff out nearby items.
You possess an exceptional clarity of mind.
You have an increased reservoir of magic. (+10% MP)
You are resistant to hostile enchantments. (MR+)
Your system is resistant to poisons. (rPois)


Message History

The yak gores you!
* * * LOW HITPOINT WARNING * * *
Unknown command.
You completely miss the yak. You bite the yak, but do no damage.
The yak is almost dead.
You hit the yak.
You kill the yak!
Lugonu accepts your kill.
You closely miss the yak. The yak barely misses you.
The yak closely misses you.
You hit the yak.
The yak is almost dead.
You hit the yak. The yak barely misses you. The yak gores you.
* * * LOW HITPOINT WARNING * * *
You barely miss the yak.
The yak is almost dead.
You hit the yak. The yak gores you!
* * * LOW HITPOINT WARNING * * *
The yak gores you.
You die...

#.# #.# ########.## #.# #.####
#.# #.# #.# #....# ##.########
#.# #.# ####.# #.........# ##'##
#.. #.# #..######.# ##...## ###
## #<# #....## #.###.....##
.###.# ##)....###.##.......## #
..##.####.......##.#.........####
................@Y.'.............
..##.####.......Y..#.............
.###.######....######.......#.###
##.......##...## ##.....##.#
#.#.###.###.##########...###†# #
##.#.# #.# #.........###'## #.# #
.....# #.# #..######.# #.# #.# #
.#.#####.# #..# ####.###)####.###
.#.......# #..# #..............##


You could see 2 yaks.

Vanquished Creatures
  Pikel (D:3)
  The ghost of P0WERM0DE the Ruffian, a novice PaCK of Xom (D:5)
  A hippogriff (D:7)
  Sigmund (D:3)
  5 yaks
  Eustachio (D:4)
  A wyvern (D:8)
  Grum (D:8)
  Menkaure (D:5)
  A warg (D:8)
  Edmund (D:5)
  A phantom (D:5)
  4 ogres
  A black bear (D:9)
  An ice beast (D:5)
  A necrophage (D:8)
  3 wolves (D:8)
  5 centaurs
  Blork the orc (D:4)
  8 bullfrogs
  A water moccasin skeleton (D:8)
  2 scorpions
  2 howler monkeys (D:8)
  Crazy Yiuf (D:3)
  4 orc priests
  3 hounds
  2 jellies
  4 orc wizards
  A bullfrog skeleton (D:4)
  Jessica (D:2)
  3 iguanas
  6 worker ants
  A bullfrog simulacrum (D:5)
  A hound skeleton (D:9)
  Robin (D:3)
  A howler monkey zombie (D:6)
  A worker ant zombie (D:6)
  3 gnolls (D:4)
  2 adders
  A hound simulacrum (D:5)
  4 white imps
  2 adder zombies
  An adder skeleton (D:6)
  A worm (D:3)
  5 dart slugs
  4 leopard geckos
  15 orcs
  10 giant cockroaches
  11 goblins
  7 hobgoblins
  5 quokkas
  A ball python (D:3)
  4 bats
  3 frilled lizards
  A jackal simulacrum (D:5)
  10 kobolds
  2 leopard gecko simulacra (D:5)
  2 quokka skeletons (D:7)
  7 rats
176 creatures vanquished.

Vanquished Creatures (others)
  2 wargs (D:7)
  An orc warrior (D:8)
  A plant (D:5)
4 creatures vanquished.

Grand Total: 180 creatures vanquished

Notes
Turn   | Place    | Note
-------+----------+-------------------------------------------
     0 | Abyss:1  | Gargoyl the Gnoll Abyssal Knight began the quest for the
                  | Orb.
     0 | Abyss:1  | Reached XP level 1. HP: 23/23 MP: 3/3
     0 | Abyss:1  | Found a corrupted altar of Lugonu.
   106 | Abyss:2  | Noticed a small abomination
   119 | Abyss:2  | Noticed a small abomination
   119 | Abyss:2  | Noticed a thrashing horror
   119 | Abyss:2  | Noticed a thrashing horror
   122 | D:1      | Escaped the Abyss
   161 | D:1      | Reached * piety under Lugonu
   178 | D:1      | Reached XP level 2. HP: 25/29 MP: 5/5
   232 | D:1      | You fall into a shaft and drop 1 floor!
   363 | D:2      | Found a sacrificial altar of Ru.
   363 | D:2      | Found a sparkling altar of Nemelex Xobeh.
   812 | D:1      | Reached XP level 3. HP: 35/35 MP: 6/6
  1082 | D:2      | Noticed Jessica
  1095 | D:2      | Killed Jessica
  1095 | D:2      | Reached skill level 1 in Short Blades
  1095 | D:2      | Reached skill level 1 in Long Blades
  1095 | D:2      | Reached skill level 1 in Maces & Flails
  1095 | D:2      | Reached skill level 1 in Polearms
  1095 | D:2      | Reached skill level 1 in Staves
  1095 | D:2      | Reached skill level 1 in Slings
  1095 | D:2      | Reached skill level 1 in Bows
  1095 | D:2      | Reached skill level 1 in Crossbows
  1095 | D:2      | Reached skill level 1 in Throwing
  1095 | D:2      | Reached skill level 1 in Stealth
  1095 | D:2      | Reached skill level 1 in Shields
  1095 | D:2      | Reached skill level 1 in Unarmed Combat
  1095 | D:2      | Reached skill level 1 in Spellcasting
  1095 | D:2      | Reached skill level 1 in Evocations
  1456 | D:2      | Reached XP level 4. HP: 41/41 MP: 7/7
  1999 | D:3      | Noticed Sigmund
  2008 | D:3      | Gained mutation: You can translocate small distances at
                  | will. [potion of mutation]
  2008 | D:3      | Gained mutation: You are somewhat resistant to further
                  | mutation. [potion of mutation]
  2008 | D:3      | Gained mutation: You are dopey. (Int -2) [potion of
                  | mutation]
  2008 | D:3      | Gained mutation: You have a pair of small antennae on your
                  | head. [potion of mutation]
  2032 | D:3      | Killed Sigmund
  2032 | D:3      | Reached skill level 1 in Conjurations
  2032 | D:3      | Reached skill level 1 in Hexes
  2032 | D:3      | Reached skill level 1 in Summonings
  2032 | D:3      | Reached skill level 1 in Necromancy
  2032 | D:3      | Reached skill level 1 in Translocations
  2032 | D:3      | Reached skill level 1 in Transmutations
  2032 | D:3      | Reached skill level 1 in Fire Magic
  2032 | D:3      | Reached skill level 1 in Ice Magic
  2032 | D:3      | Reached skill level 1 in Air Magic
  2032 | D:3      | Reached skill level 1 in Earth Magic
  2032 | D:3      | Reached skill level 1 in Poison Magic
  2032 | D:3      | Reached skill level 5 in Invocations
  2032 | D:3      | Reached XP level 5. HP: 21/47 MP: 8/8
  2275 | D:3      | Found a runed translucent door.
  2276 | D:3      | Noticed Crazy Yiuf
  2309 | D:3      | Reached XP level 6. HP: 53/53 MP: 9/9
  2360 | D:3      | Noticed Robin
  2368 | D:3      | Killed Robin
  2373 | D:3      | Reached ** piety under Lugonu
  2382 | D:3      | Lost mutation: You have a pair of small antennae on your
                  | head. [potion of mutation]
  2382 | D:3      | Lost mutation: You are dopey. (Int -2) [potion of mutation]
  2713 | D:3      | Killed Crazy Yiuf
  2713 | D:3      | Reached skill level 5 in Axes
  2713 | D:3      | Reached skill level 5 in Armour
  2798 | D:4      | Noticed Grinder
  2799 | D:4      | Noticed Pikel
  2803 | D:4      | Paralysed by Grinder for 2 turns
  3027 | D:3      | Killed Pikel
  3027 | D:3      | Reached skill level 7 in Fighting
  3027 | D:3      | Reached XP level 7. HP: 47/60 MP: 9/11
  3552 | D:4      | Found a white marble altar of Elyvilon.
  3896 | D:4      | Reached XP level 8. HP: 67/67 MP: 12/12
  4016 | D:4      | Found a staircase to the Ecumenical Temple.
  4038 | D:4      | Noticed Eustachio
  4051 | D:4      | Killed Eustachio
  4204 | D:4      | Noticed Blork the orc
  4213 | D:4      | Killed Blork the orc
  4331 | D:5      | Entered Level 5 of the Dungeon
  4365 | D:5      | Noticed P0WERM0DE's ghost (novice PaCK)
  4448 | D:5      | Noticed Menkaure
  4457 | D:5      | Killed Menkaure
  4636 | D:5      | Noticed Edmund
  4639 | D:5      | Found an opulent altar of Gozag.
  4677 | D:5      | Killed Edmund
  4937 | D:5      | Found a runed translucent gate.
  4937 | D:5      | Found a runed translucent gate.
  4938 | D:5      | Found a runed translucent gate.
  4983 | D:5      | Killed P0WERM0DE's ghost
  4983 | D:5      | Reached XP level 9. HP: 64/73 MP: 13/15
  5219 | D:6      | Found a radiant altar of Vehumet.
  5507 | D:6      | Reached skill level 5 in Dodging
  5805 | D:6      | Found a shadowy altar of Dithmenos.
  6012 | D:6      | Lost mutation: You are somewhat resistant to further
                  | mutation. [potion of mutation]
  6012 | D:6      | Lost mutation: You can translocate small distances at will.
                  | [potion of mutation]
  6012 | D:6      | Gained mutation: Armour fits poorly on your strangely
                  | shaped body. [potion of mutation]
  6012 | D:6      | Gained mutation: You are clumsy. (Dex -2) [potion of
                  | mutation]
  6012 | D:6      | Lost mutation: You are clumsy. (Dex -2) [potion of
                  | mutation]
  6013 | D:6      | Lost mutation: Armour fits poorly on your strangely shaped
                  | body. [potion of mutation]
  6013 | D:6      | Gained mutation: You have sharp toenails. [potion of
                  | mutation]
  6013 | D:6      | Gained mutation: Armour fits poorly on your strangely
                  | shaped body. [potion of mutation]
  6013 | D:6      | Gained mutation: You expend magic power (3 MP) to
                  | strengthen your wands. [potion of mutation]
  6014 | D:6      | Lost mutation: You have sharp toenails. [potion of
                  | mutation]
  6014 | D:6      | Lost mutation: You expend magic power (3 MP) to strengthen
                  | your wands. [potion of mutation]
  6014 | D:6      | Gained mutation: You have a pair of small antennae on your
                  | head. [potion of mutation]
  6014 | D:6      | Gained mutation: You are robust. (+10% HP) [potion of
                  | mutation]
  6014 | D:6      | Gained mutation: Scrolls take you a little longer to read.
                  | [potion of mutation]
  6014 | D:6      | Gained mutation: Your system is resistant to poisons.
                  | (rPois) [potion of mutation]
  6015 | D:6      | Lost mutation: You have a pair of small antennae on your
                  | head. [potion of mutation]
  6015 | D:6      | Lost mutation: You are robust. (+10% HP) [potion of
                  | mutation]
  6015 | D:6      | Lost mutation: Armour fits poorly on your strangely shaped
                  | body. [potion of mutation]
  6015 | D:6      | Lost mutation: Scrolls take you a little longer to read.
                  | [potion of mutation]
  6015 | D:6      | Gained mutation: You possess an exceptional clarity of
                  | mind. [potion of mutation]
  6015 | D:6      | Gained mutation: You have an increased reservoir of magic.
                  | (+10% MP) [potion of mutation]
  6015 | D:6      | Gained mutation: You are resistant to hostile enchantments.
                  | (MR+) [potion of mutation]
  6159 | D:6      | Reached *** piety under Lugonu
  6239 | D:6      | Reached skill level 8 in Fighting
  6293 | D:7      | Found Zajosoaph's Armour Shoppe.
  6333 | D:7      | Bought a scarf of repulsion for 144 gold pieces
  6354 | D:7      | Got a glimmering trident
  6355 | D:7      | Identified the +3 trident of Buosad {antimagic, rElec rF-
                  | Str+2} (You found it on level 7 of the Dungeon)
  6692 | D:7      | Found a hazy altar of Hepliaklqana.
  7098 | D:7      | Found a snail-covered altar of Cheibriados.
  7127 | D:7      | Reached XP level 10. HP: 33/80 MP: 18/18
  7497 | D:8      | Found a staircase to the Lair.
  7932 | D:7      | Reached skill level 5 in Short Blades
  7932 | D:7      | Reached skill level 5 in Long Blades
  7932 | D:7      | Reached skill level 5 in Maces & Flails
  7932 | D:7      | Reached skill level 5 in Polearms
  7932 | D:7      | Reached skill level 5 in Staves
  7932 | D:7      | Reached skill level 5 in Slings
  7932 | D:7      | Reached skill level 5 in Bows
  7932 | D:7      | Reached skill level 5 in Crossbows
  7932 | D:7      | Reached skill level 5 in Throwing
  7932 | D:7      | Reached skill level 5 in Stealth
  7932 | D:7      | Reached skill level 5 in Shields
  7932 | D:7      | Reached skill level 5 in Unarmed Combat
  7932 | D:7      | Reached skill level 5 in Spellcasting
  7932 | D:7      | Reached skill level 5 in Evocations
  8549 | D:8      | Found a sacrificial altar of Ru.
  8917 | D:8      | Noticed Grum
  8929 | D:8      | Killed Grum
  9456 | D:9      | Reached **** piety under Lugonu
  9493 | D:9      | Noticed Prince Ribbit
  9534 | D:8      | HP: 3/82 [yak (10)]
  9534 | D:8      | Slain by a yak

Illustrated notes

Levels and vault maps discovered:
D:1:      psy_arrival_radial02, layout_rooms
D:2:      layout_basic, gammafunk_temple_overflow_wave, kennysheep_jessica_study
D:3:      layout_loops_corners, minivault_14, minmay_misc_feat_five, uniq_robin,
          uniq_sigmund, uniq_crazy_yiuf_cottage
D:4:      layout_basic, lemuel_doored_altar, minmay_temple_entry_large_hall,
          uniq_blork_the_orc, uniq_grinder, uniq_eustachio, uniq_pikel
D:5:      layout_cave_pools, nicolae_gozag_seed_capital, gammafunk_ghost_icy,
          serial_bayou, serial_bayou_lagoon_b, serial_bayou_shore_b,
          serial_bayou_ford_a, serial_bayou_lagoon_a, uniq_edmund, uniq_menkaure
D:6:      kb_forest_paths, layout_basic, lemuel_coloured_pillars_altar,
          vehumet_altar_wand_db, gup_sewer_entry_pipe
D:7:      layout_rooms, overflow_temple_1_default, kennysheep_little_box,
          serial_shops, shop, grunt_ministairs_11
D:8:      layout_loops_corners, erik_lair_orcish_takeover, lemuel_tele_altar,
          uniq_grum
D:9:      layout_cross, kennysheep_mini, uniq_prince_ribbit1

Skill      XL: |  1  2  3  4  5  6  7  8  9 10 |
---------------+-------------------------------+-----
Short Blades   | 1 2 4 5 |  5.6
Long Blades    | 1 2 4 5 |  5.6
Maces & Flails | 1 2 4 5 |  5.6
Polearms       | 1 2 4 5 |  5.6
Staves         | 1 2 4 5 |  5.6
Slings         | 1 2 4 5 |  5.6
Bows           | 1 2 4 5 |  5.6
Crossbows      | 1 2 4 5 |  5.6
Throwing       | 1 2 4 5 |  5.6
Stealth        | 1 2 4 5 |  5.6
Shields        | 1 2 4 5 |  5.6
Unarmed Combat | 1 2 4 5 |  5.6
Spellcasting   | 1 2 4 5 |  5.6
Evocations     | 1 2 4 5 |  5.6
Dodging        | 3 4 5 6 |  6.2
Conjurations   | 1 2 3 4 |  4.6
Hexes          | 1 2 3 4 |  4.6
Summonings     | 1 2 3 4 |  4.6
Necromancy     | 1 2 3 4 |  4.6
Translocations | 1 2 3 4 |  4.6
Transmutations | 1 2 3 4 |  4.6
Fire Magic     | 1 2 3 4 |  4.6
Ice Magic      | 1 2 3 4 |  4.6
Air Magic      | 1 2 3 4 |  4.6
Earth Magic    | 1 2 3 4 |  4.6
Poison Magic   | 1 2 3 4 |  4.6
Invocations    | 5 6 7 |  7.8
Axes           | 5 6 7 |  7.3
Armour         | 5 6 7 |  7.3
Fighting       | 7 8 |  8.7

Action                   |  1- 3 |  4- 6 |  7- 9 | 10-12 || total
-------------------------+-------+-------+-------+-------++-------
Melee: Hand axe          |    55 |   102 |   299 |   193 ||   649
       Bite              |     4 |    11 |    43 |    28 ||    86
       Punch             |       |     1 |     4 |     5 ||    10
       Unarmed           |       |       |    14 |       ||    14
Invok: Depart the Abyss  |     1 |       |       |       ||     1
       Banish            |       |       |       |     3 ||     3
Evoke: Wand              |       |       |     7 |     8 ||    15
  Use: Scroll            |     4 |     4 |     6 |     2 ||    16
       Potion            |       |     8 |     4 |     1 ||    13
Armor: Plate armour      |    48 |    54 |   160 |   118 ||   380
Dodge: Dodged            |    11 |    28 |   162 |   114 ||   315

Table legend: (Time is in decaauts)
 A = Elapsed time spent in this place.
 B = Non-inter-level travel time spent in this place.
 C = Inter-level travel time spent in this place.
 D = Time resting spent in this place.
 E = Time spent auto-exploring this place.
 F = Levels seen in this place.
 G = Mean time per level.
                   A        B        C        D        E       F      G
               +--------+--------+--------+--------+--------+-----+--------+
         Total |   9558 |   9153 |    405 |   1720 |   5520 |  11 |  868.9 |
       Dungeon |   9437 |   9032 |    405 |   1720 |   5430 |   9 | 1048.6 |
         Abyss |    121 |    121 |      0 |      0 |     90 |   2 |   60.5 |
               +--------+--------+--------+--------+--------+-----+--------+

Top non-repeatable levels by time:
     D:8: 1880 daAuts
     D:3: 1710 daAuts
     D:7: 1265 daAuts
     D:6: 1081 daAuts
     D:4: 943 daAuts
     D:2: 903 daAuts
     D:5: 900 daAuts
     D:1: 668 daAuts
     D:9: 85 daAuts
 Abyss:2: 65 daAuts
 Abyss:1: 55 daAuts
